 Dungeon Crawl Stone Soup version 0.31-a0-204-g7da18cac08 (webtiles) character file.

Game seed: 17901086063609772955

20 qw the Shooter (level 2, 0/16 HPs)
             Began as a Deep Elf Hunter on June 27, 2023.
             Slain by a goblin
             ... wielding a +0 club
              (4 damage)
             ... on level 1 of the Dungeon.
             The game lasted 00:00:07 (137 turns).

qw the Shooter (Deep Elf Hunter)                     Turns: 137, Time: 00:00:07

Health: 0/16       AC:  3    Str:  8    XL:     2   Next: 58%
Magic:  4/4        EV: 12    Int: 13    God:
Gold:   11         SH:  0    Dex: 18    Spells: 1/1 levels left

rFire   . . .        a - +0 shortbow
rCold   . . .        (shield currently unavailable)
rNeg    . . .        c - +0 leather armour
rPois   .            (no helmet)
rElec   .            (no cloak)
rCorr   .            (no gloves)
SInv    .            (no boots)
Will    .....        (no amulet)
Stlth   ++           (no ring)
HPRegen 0.22/turn    (no ring)
MPRegen 0.09/turn

%: no passive effects
@: no status effects
A: no striking features
a: no special abilities


You were on level 1 of the Dungeon.
You visited 1 branch of the dungeon, and saw 1 of its levels.

You collected 11 gold pieces.


   Skills:
 - Level 1.5 Fighting
 + Level 6.3 Ranged Weapons
 - Level 2.4 Dodging
 - Level 1.2 Stealth


You had one spell level left.
You didn't know any spells.
Your spell library was empty.

Inventory:

Hand Weapons
 a - a +0 shortbow (weapon)
Armour
 c - a +0 leather armour (worn)
Scrolls
 b - a scroll of butterflies
Potions
 d - a potion of enlightenment {unknown}

Dungeon Overview and Level Annotations

Branches:
Dungeon (1/15)

Altars:


Message History

The giant cockroach bites you.
You shoot an arrow. The arrow hits the giant cockroach!
You kill the giant cockroach!
A hobgoblin comes into view.
You shoot an arrow. The hobgoblin shouts!
The arrow hits the goblin!
You kill the goblin!
A bat comes into view.
You shoot an arrow. The arrow barely misses the quokka.
The arrow hits the goblin!
You kill the goblin!
The quokka bites you. The quokka barely misses you.
You shoot an arrow.
The arrow hits the quokka but does no damage.
The quokka bites you.
You shoot an arrow. The arrow misses the quokka.
The arrow closely misses the quokka.
The quokka bites you. The quokka closely misses you.
You shoot an arrow. The arrow closely misses the quokka.
The arrow barely misses the quokka.
The quokka bites you but does no damage.
You shoot an arrow. The arrow closely misses the quokka.
The arrow hits the quokka!
You kill the quokka!
The quokka barely misses you.
A bat comes into view.
The quokka bites you.
You shoot an arrow. The arrow closely misses the quokka.
The arrow hits the bat!
You kill the bat!
The quokka bites you.
You shoot an arrow. The arrow hits the quokka!
You kill the quokka!
You shoot an arrow. The arrow hits the goblin.
The goblin is moderately wounded.
The goblin misses you.
You shoot an arrow. The arrow closely misses the goblin.
The arrow hits the hobgoblin but does no damage.
The goblin hits you with a +0 club. x2
You die...

#####....###. #.
#).# #........ ..
..# #...##### .
... #...# #.(.#
##.## .#%######
#.# bg.....####.#
#g##......%.######
#@##.#.##........#
#.#.......######.#
#.#..#.######
#.#.........#
#......####.#
###...## #...#
##.## #.#


You could see a hobgoblin, a goblin and a bat.

Vanquished Creatures
  A dart slug (D:1)
  A bat (D:1)
  2 endoplasms (D:1)
  2 giant cockroaches (D:1)
  4 goblins (D:1)
  3 quokkas (D:1)
  A ball python (D:1)
  A kobold (D:1)
15 creatures vanquished.

Notes
Turn   | Place    | Note
-------+----------+-------------------------------------------
     0 | D:1      | qw the Deep Elf Hunter began the quest for the Orb.
     0 | D:1      | Reached XP level 1. HP: 12/12 MP: 3/3
     0 | D:1      | 0 ||| qw: Version: 0.3-a-22-g0ed2b0b
     0 | D:1      | 0 ||| qw: Game counter: 6608
     0 | D:1      | 0 ||| qw: Melee chars always use a shield: true
     0 | D:1      | 0 ||| qw: God list: Okawaru
     0 | D:1      | 0 ||| qw: Allow faded altars: false
     0 | D:1      | 0 ||| qw: Do Orc after clearing Dungeon:15 true
     0 | D:1      | 0 ||| qw: Do second Lair branch before Depths: true
     0 | D:1      | 0 ||| qw: Lair rune preference: random
     0 | D:1      | 0 ||| qw: Goals: Normal
     0 | D:1      | 0 ||| PLANNING D:1-11
   102 | D:1      | Reached XP level 2. HP: 16/16 MP: 4/4
   108 | D:1      | Reached skill level 6 in Ranged Weapons
   137 | D:1      | HP: 4/16 [goblin/+0 club (4)]
   137 | D:1      | Slain by a goblin

Levels and vault maps discovered:
D:1:      ldierk_walled_garden_2, layout_loops_cross, serial_shops, shop,
          minmay_pentomino_w4

Skill      XL: |  1  2 |
---------------+-------+-----
Ranged Weapons | 6 |  6.3
Fighting       | |  1.5
Dodging        | |  2.4
Stealth        | |  1.2

Action                     || total
---------------------------++-------
   Fire: Shortbow          ||    40
 Armour: Leather armour    ||     4
  Dodge: Dodged            ||     5

Table legend:
 A = Non-vault XP
 B = Vault XP
 C = Vault XP percentage of total XP
 D = Non-vault monster count
 E = Vault monster count
 F = Vault count percentage of total count
                 A         B        C        D         E       F
            +---------+---------+-------+---------+---------+-------
      Total |      21 |       8 |  27.6 |      10 |       5 |  33.3
            +---------+---------+-------+---------+---------+-------
        D:1 |      21 |       8 |  27.6 |      10 |       5 |  33.3
            +---------+---------+-------+---------+---------+-------
